 Dungeon Crawl Stone Soup version 0.27-a0-1046-g98bf31544f (webtiles) character file.

Game seed: 13782659055173484348

6 sizableburger the Chucker (level 1, -1/16 HPs)
             Began as a Mummy Hunter on Apr 20, 2021.
             Slain by a goblin
             ... wielding a +0 club
              (2 damage)
             ... on level 1 of the Dungeon.
             The game lasted 00:01:13 (163 turns).

sizableburger the Chucker (Mummy Hunter)             Turns: 163, Time: 00:01:14

Health: -1/16      AC:  3    Str: 15    XL:     1   Next: 75%
Magic:  1/1        EV: 11    Int: 10    God:
Gold:   0          SH:  0    Dex: 12    Spells: 0/0 levels left

rFire    x . .     SeeInvis .   a - +0 short sword
rCold    + . .     Faith    .   (no shield)
rNeg     + + +     Spirit   .   b - +0 leather armour
rPois    ∞         Reflect  .   (no helmet)
rElec    .         Harm     .   (no cloak)
rCorr    .         Rampage  .   (no gloves)
Will     .....                  (no boots)
Stlth    +.........             (no amulet)
HPRegen  0.05/turn              (no ring)
MPRegen  0.07/turn              (no ring)

@: no status effects
A: cold resistance 1, negative energy resistance 3, torment resistance 2,
unbreathing 1, heat vulnerability 1, no potions
a: no special abilities


You were on level 1 of the Dungeon.
You visited 1 branch of the dungeon, and saw 1 of its levels.

Inventory:

Hand Weapons
 a - a +0 short sword (weapon)
Missiles
 d - a throwing net (quivered)
Armour
 b - a +0 leather armour (worn)


   Skills:
 + Level 2.3 Fighting
 + Level 0.6 Short Blades
 - Level 3.2 Throwing
 - Level 1.5 Dodging
 - Level 0.7 Stealth


You couldn't memorise any spells.
You didn't know any spells.
Your spell library was empty.

Dungeon Overview and Level Annotations

Branches:
Dungeon (1/15)

Altars:


Innate Abilities, Weirdness & Mutations

You are immune to poison.
Your flesh is cold resistant. (rC+)
You are immune to negative energy. (rN+++)
You are immune to unholy pain and torment.
You can survive without breathing.
You are vulnerable to heat. (rF-)
You do not drink.


Message History

Found a scale mail.
Throw: 2 throwing nets
Press: ? - help, Q - select action Shift-Dir - straight line, f - bat
Aim: a bat (44% to hit)
Okay, then.
The bat barely misses you.
You miss the kobold. The bat barely misses you.
The kobold completely misses you.
You hit the kobold but do no damage. The bat barely misses you.
The bat misses you. The kobold hits you with a +0 dagger.
Throw: 2 throwing nets
Press: ? - help, Q - select action Shift-Dir - straight line, f - goblin
Aim: a goblin, wielding a +0 club (51% to hit)
You throw a throwing net. The throwing net hits the kobold.
The kobold is caught in the net!
The bat closely misses you. The bat hits you but does no damage.
The kobold struggles against the net.
You hit the kobold.
You kill the kobold!
The bat hits you but does no damage.
A hobgoblin comes into view.
The hobgoblin moves out of view.
You barely miss the goblin. The bat hits you.
The quokka twitches its whiskers.
The goblin hits you with a +0 club.
* * * LOW HITPOINT WARNING * * *
You hit the goblin.
The goblin is moderately wounded.
The bat misses you. The goblin hits you with a +0 club.
* * * LOW HITPOINT WARNING * * *
Unknown command.
The bat barely misses you.
Throw: throwing net
Press: ? - help, Q - select action Shift-Dir - straight line, f/p - goblin
Aim: a goblin, wielding a +0 club (moderately wounded, 51% to hit)
Okay, then.
The bat hits you.
* * * LOW HITPOINT WARNING * * *
The bat barely misses you. The goblin hits you with a +0 club.
You die...

........>.......g......
#.......#.....#........
......#......).......#
.....#.......##.....#
#...#.....#)##.#...#
#####...##.####.##)#...##.
........##.......r.).....[
...............)g.........
...............@b......###
....#####'#####........#
.## ####.########.....#
###.......### ##....#
##...........## #...#
##....#####....## ...#
#...#########...# ...#
##..##.......##..## .#
#...#..##'##..#...#


You could see a quokka, a goblin and a bat.

Vanquished Creatures
  A goblin (D:1)
  A hobgoblin (D:1)
  3 kobolds (D:1)
  A rat (D:1)
6 creatures vanquished.

Notes
Turn   | Place    | Note
-------+----------+-------------------------------------------
     0 | D:1      | sizableburger the Mummy Hunter began the quest for the Orb.
     0 | D:1      | Reached XP level 1. HP: 16/16 MP: 1/1
   163 | D:1      | Slain by a goblin

Illustrated notes

Levels and vault maps discovered:
D:1:      dpeg_arrival_concentric_ovals, layout_basic,
          shapermc_ecumenical_altar_mp_ritualfount, glass_columns_a

Action                   || total
-------------------------++-------
Melee: Short sword       ||     8
Throw: Javelin           ||     6
       Throwing net      ||     1
Armor: Leather armour    ||     5
Dodge: Dodged            ||    14

Table legend: (Time is in decaauts)
 A = Elapsed time spent in this place.
 B = Non-inter-level travel time spent in this place.
 C = Inter-level travel time spent in this place.
 D = Time resting spent in this place.
 E = Time spent auto-exploring this place.
 F = Levels seen in this place.
 G = Mean time per level.
                   A        B        C        D        E       F      G
               +--------+--------+--------+--------+--------+-----+--------+
         Total |    165 |    118 |     47 |      0 |     52 |   1 |  165.0 |
       Dungeon |    165 |    118 |     47 |      0 |     52 |   1 |  165.0 |
               +--------+--------+--------+--------+--------+-----+--------+

Top non-repeatable levels by time:
     D:1: 165 daAuts
